Map: Base du roi Sejong EC

Players

Coriis - Winner!

  • Race: Protoss Protoss
  • League: Platinum
  • Spawn Location: 11:00

zidar

  • Race: Zerg Zerg
  • League: Platinum
  • Spawn Location: 5:00

VOD

Have the link to the VOD?

Description

Time

  • Played on: Nov. 19, 2016, 11:30 a.m.
  • Length: 14:45
Show
View Real Time Build Order
Export as new Build Order

Coriis Protoss - Winner!

Build Orders:  

Get SALT Encoding   

  12  0:01  Probe (Chrono Boost)  
  13  0:11  Probe (Chrono Boost)  
  14  0:22  Probe (Chrono Boost), Pylon  
  15  0:41  Gateway  
  15  0:47  Forge  
  15  0:49  Probe (Chrono Boost)  
  16  1:00  Probe (Chrono Boost)  
  16  1:01  Assimilator  
  17  1:05  Assimilator  
  17  1:10  Probe (Chrono Boost)  
  18  1:21  Probe (Chrono Boost)  
  18  1:22  Photon Cannon  
  19  1:33  Photon Cannon  
  19  1:35  Probe (Chrono Boost)  
  20  1:52  Probe (Chrono Boost)  
  21  1:59  Pylon  
  21  2:02  Probe (Chrono Boost)  
  22  2:13  Probe (Chrono Boost)  
  23  2:23  Probe (Chrono Boost)  
  23  2:25  Cybernetics Core  
  24  2:43  Nexus  
  24  2:50  Probe (Chrono Boost)  
  25  3:01  Probe (Chrono Boost)  
  26  3:11  Probe (Chrono Boost)  
  27  3:35  Stargate  
  27  3:36  Stargate  
  27  3:44  Probe (Chrono Boost)  
  28  3:54  Probe (Chrono Boost)  
  29  3:57  Photon Cannon x2  
  29  3:58  Probe (Chrono Boost)  
  29  3:59  Pylon  
  30  4:03  Assimilator  
  30  4:05  Probe (Chrono Boost)  
  30  4:08  Probe (Chrono Boost), Assimilator  
  32  4:11  Pylon  
  32  4:15  Probe (Chrono Boost)  
  33  4:19  Probe (Chrono Boost)  
  34  4:24  Void Ray (Chrono Boost)  
  34  4:26  Probe (Chrono Boost)  
  34  4:29  Probe (Chrono Boost)  
  40  4:34  Void Ray (Chrono Boost)  
  44  4:45  Probe  
  45  4:47  Probe  
  46  4:57  Probe  
  48  5:00  Probe  
  48  5:08  Void Ray (Chrono Boost)  
  48  5:09  Probe  
  48  5:12  Probe  
  54  5:18  Void Ray (Chrono Boost)  
  54  5:21  Probe  
  59  5:24  Probe  
  59  5:28  Robotics Facility  
  60  5:33  Probe  
  61  5:36  Probe  
  61  5:41  Pylon  
  62  5:44  Pylon  
  62  6:00  Void Ray x2 (Chrono Boost)  
  70  6:16  Robotics Bay  
  70  6:37  Void Ray x2 (Chrono Boost)  
  78  7:12  Pylon  
  78  7:16  Pylon  
  78  7:19  Pylon  
  78  7:21  Pylon  
  78  7:24  Pylon  
  78  7:31  Void Ray x2 (Chrono Boost), Pylon  
  78  7:33  Colossus  
  78  7:34  Pylon  
  92  7:42  Fleet Beacon  
  92  7:52  Protoss Air Weapons Level 1  
  92  8:05  Nexus  
  92  8:08  Assimilator  
  92  8:11  Assimilator  
  92  8:25  Void Ray x2 (Chrono Boost)  
  100  8:27  Colossus  
  106  8:40  Nexus  
  106  8:44  Assimilator  
  106  8:49  Assimilator  
  118  9:15  Probe  
  119  9:24  Carrier (Chrono Boost)  
  119  9:25  Carrier (Chrono Boost)  
  119  9:26  Probe  
  120  9:36  Probe  
  121  9:47  Probe  
  122  9:57  Probe  
  107  10:08  Probe  
  120  10:38  Carrier (Chrono Boost)  
  120  10:40  Carrier (Chrono Boost)  
  120  11:08  Nexus  
  120  11:14  Pylon  
  120  11:19  Pylon  
  120  11:21  Pylon  
  120  11:24  Pylon  
  120  11:33  Void Ray (Chrono Boost)  
  120  11:35  Void Ray (Chrono Boost), Protoss Air Weapons Level 2  
  128  11:45  Protoss Shields Level 1  
  134  12:00  Extended Thermal Lance  
  134  12:02  Anion Pulse-Crystals  
  119  12:10  Void Ray (Chrono Boost)  
  119  12:12  Void Ray (Chrono Boost)  
  127  12:23  Mothership Core  
  117  13:06  Graviton Catapult  
  117  13:16  Nexus  
  117  13:18  Assimilator  
  117  13:22  Assimilator  
Show
View Real Time Build Order
Export as new Build Order

zidar Zerg 

Build Orders: Pool First 

Get SALT Encoding   

  12  0:02  Drone  
  13  0:12  Overlord  
  13  0:17  Drone  
  14  0:30  Drone x2  
  16  0:43  Spawning Pool  
  16  0:46  Drone  
  16  1:11  Hatchery  
  15  1:13  Drone  
  15  1:17  Extractor  
  15  1:19  Drone  
  16  1:31  Queen  
  18  1:53  Overlord  
  18  2:06  Queen  
  19  2:20  Metabolic Boost  
  19  2:23  Roach Warren, Drone x2  
  19  2:28  Drone  
  21  2:42  Drone x3  
  24  2:48  Drone  
  25  2:53  Extractor  
  25  2:55  Drone x2  
  26  3:03  Zergling x2  
  27  3:06  Pneumatized Carapace  
  27  3:24  Drone x4  
  27  3:25  Drone x2  
  33  3:46  Roach  
  33  3:47  Overlord  
  33  3:48  Overlord x2  
  35  3:55  Lair  
  35  4:22  Spore Crawler  
  34  4:26  Spore Crawler  
  34  4:30  Drone  
  34  4:32  Drone  
  34  4:33  Drone x9  
  34  4:38  Extractor  
  43  4:42  Extractor  
  42  4:52  Hatchery  
  41  5:00  Hydralisk Den  
  40  5:12  Overlord x2  
  40  5:16  Queen  
  42  5:28  Drone  
  43  5:30  Hydralisk x5  
  53  5:35  Muscular Augments  
  53  5:47  Overseer  
  53  6:00  Evolution Chamber  
  53  6:02  Evolution Chamber  
  51  6:09  Drone x11  
  51  6:10  Drone x2  
  64  6:29  Drone x6  
  70  6:45  Zerg Missile Weapons Level 1  
  70  6:46  Zerg Ground Armor Level 1  
  70  6:57  Overlord x4  
  70  7:03  Overseer  
  70  7:20  Hydralisk x7  
  70  7:21  Hydralisk x4  
  92  7:30  Glial Reconstitution  
  92  7:41  Extractor  
  91  7:45  Extractor  
  90  8:12  Hydralisk  
  90  8:13  Hydralisk x7  
  90  8:18  Overlord x5  
  106  8:40  Drone x4  
  110  8:43  Hydralisk x9  
  128  8:53  Hydralisk x2  
  132  8:56  Zerg Missile Weapons Level 2  
  132  9:08  Zerg Ground Armor Level 2  
  132  9:33  Drone  
  132  9:34  Drone x2  
  70  10:09  Hydralisk  
  70  10:10  Hydralisk x17  
  98  10:26  Hydralisk x7  
  112  10:35  Drone  
  113  10:42  Hydralisk x6  
  125  11:10  Hydralisk x2  
  129  11:44  Overlord x5  
  129  11:45  Overlord x2  
  129  11:48  Overseer  
  109  12:43  Hydralisk x6  
  109  12:44  Hydralisk x19  
  113  13:04  Infestation Pit  
  112  13:20  Overseer  
  108  13:32  Hatchery  
  108  13:34  Hydralisk x14  
  85  14:07  Hydralisk x4  
  85  14:08  Hydralisk  
Tags
 
Add a new tag
Caveats
  • Supply blocks, unpowered buildings, or Contaminate may cause inaccurate times.
  • Supply counts are checked every 10 seconds.